 Dungeon Crawl Stone Soup version 0.20-a0-19-gd4fea00 (webtiles) character file.

27368 mrath the Thaumaturge (level 13, -6/76 HPs)
             Began as a Gargoyle Earth Elementalist on Nov 6, 2016.
             Was an Elder of Vehumet.
             Mangled by an elephant (11 damage)
             ... on level 5 of the Lair of Beasts.
             The game lasted 02:13:25 (24553 turns).

mrath the Thaumaturge (GrEE)                       Turns: 24553, Time: 02:13:26

Health: -6/76      AC: 20    Str: 14    XL:     13   Next: 32%
Magic:  28/28      EV: 14    Int: 21    God:    Vehumet [****..]
Gold:   1114       SH:  0    Dex: 10    Spells: 5 memorised, 17 levels left

rFire  + . .     SeeInvis .     y - +1 dagger (venom)
rCold  . . .     Gourm    .     L - +2 robe {Archmagi}
rNeg   + . .     Faith    .     (no shield)
rPois  ∞         Spirit   .     o - +1 helmet
rElec  +         Reflect  .     s - +0 cloak
rCorr  .         Harm     .     r - +0 pair of gloves
MR     .....                    W - +0 pair of boots (curse)
Stlth  ++........               n - amulet of magic regeneration
                                O - +2 ring of strength
                                w - ring of protection from fire

@: studying Short Blades
A: negative energy resistance 1, electricity resistance, unbreathing,
petrification resistance, rot immunity, AC +9
a: Renounce Religion


You were on level 5 of the Lair of Beasts.
You worshipped Vehumet.
Vehumet was greatly pleased with you.
You were not hungry.

You visited 3 branches of the dungeon, and saw 17 of its levels.
You also visited: Sewer.

You collected 1153 gold pieces.
You spent 39 gold pieces at shops.

Inventory:

Hand Weapons
 t - a +0 flail of protection
 y - a +1 dagger of venom (weapon)
Missiles
 z - 25 tomahawks (quivered)
 R - 4 steel tomahawks
Armour
 o - a +1 helmet (worn)
 r - a +0 pair of gloves (worn)
 s - a +0 cloak (worn)
 L - a +2 robe of the Archmagi (worn)
 W - a cursed +0 pair of boots (worn)
Jewellery
 j - an uncursed amulet of regeneration
 n - an amulet of magic regeneration (around neck)
 w - a ring of protection from fire (left hand)
 O - a +2 ring of strength (right hand)
Wands
 e - a wand of iceblast (12/15)
 l - a wand of acid (9/15)
 v - a wand of iceblast (12/15)
 F - a wand of confusion (14/48)
 J - a wand of lightning (7/15)
 K - a wand of paralysis (9/24)
Scrolls
 b - 4 scrolls of identify
 c - 5 scrolls of remove curse
 g - 2 scrolls of fear
 h - a scroll of brand weapon {unknown}
 k - 8 scrolls of magic mapping
 m - a scroll of enchant armour {unknown}
 q - 4 scrolls of blinking
 C - 3 scrolls of teleportation
Potions
 d - a potion of resistance {unknown}
 i - 2 potions of heal wounds
 u - 4 potions of lignification
 x - 6 potions of curing
 A - 3 potions of cancellation
Books
 a - a manual of Short Blades
Miscellaneous
 f - a phantom mirror
 U - a fan of gales
Comestibles
 p - 19 fruits
 H - 3 royal jellies
 P - a slice of pizza


   Skills:
 + Level 7.4 Fighting
 + Level 6.6 Short Blades
 + Level 7.4 Armour
 + Level 5.9 Dodging
 - Level 2.1 Stealth
 * Level 11.1 Spellcasting
 + Level 8.5 Conjurations
   Level 0.7 Transmutations
 + Level 5.7 Fire Magic
 + Level 10.4 Earth Magic
 + Level 4.7 Evocations


You had 17 spell levels left.
You knew the following spells:

 Your Spells              Type           Power        Failure   Level  Hunger
a - Sandblast             Erth           ######       1%          1    None
b - Stone Arrow           Conj/Erth      ######       1%          3    None
c - Lee's Rapid Deconstr  Erth           ######....   1%          5    ####...
d - Conjure Flame         Conj/Fire      ######..     1%          3    None
e - Venom Bolt            Conj/Pois      #####.....   8%          5    ####...


Dungeon Overview and Level Annotations

Branches:
Dungeon (11/15)            Temple (1/1) D:6            Lair (5/6) D:11
 Shoals (0/4) Lair:2        Snake (0/4) Lair:3          Orc (0/2) D:10
  Slime: Lair:5-6

Altars:
Ashenzari
Cheibriados
Dithmenos
Elyvilon
Fedhas
Gozag
Hepliaklqana
Kikubaaqudgha
Makhleb
Nemelex Xobeh
Okawaru
Qazlal
Ru
Sif Muna
Trog
Uskayaw
Vehumet
Xom
Yredelemnul
Zin
The Shining One
Beogh

Shops:
D:5 ?   D:7 *   D:8 %

Annotations:
Lair:1 exclusion: 2 oklob plants


Innate Abilities, Weirdness & Mutations

You are resistant to torment.
Your stone body is resilient. (AC +9)
You are immune to poison.
You resist negative energy. (rN+)
You are resistant to electric shocks. (rElec)
You can survive without breathing.
You are immune to petrification.
You are immune to rotting.


Message History

The elephant tramples you.
* * * LOW HITPOINT WARNING * * *
You stumble backwards!
You stop ascending the stairs.
You feel much better. The elephant misses you.
The elephant trunk-slaps you but does no damage.
The rime drake closely misses you. The rime drake breathes ice at you.
The flash freeze hits you!
* * * LOW HITPOINT WARNING * * *
You are encased in ice.
The elephant closely misses you.
The elephant trunk-slaps you but does no damage.
The rime drake bites you.
* * * LOW HITPOINT WARNING * * *
The elephant tramples you!
* * * LOW HITPOINT WARNING * * *
You stumble backwards!
The ice encasing you melts away. The elephant tramples you!
You die...

......##P.........P#
......##..P........#
.PP#P####.#..PP#..##
...### ####..#####
#.## #...## .##
#....# .## ##
#...####
#.#######.###.+.#.##
.......# #......@..#
......# ##....YYY.P#
......###.......lk##
......P.....YY.....#
...................#
...........Y(......#
.....Y...+.<......##
......##.#.........#
.##P.#####........#.#


You could see 6 elephants, a komodo dragon and a rime drake.

Vanquished Creatures
  2 hydras
  5 death yaks
  5 hill giants
  A wolf spider zombie (D:11)
  A cyclops (D:11)
  2 ugly things
  3 black mambas
  2 sirens (Lair:2)
  7 spiny frogs
  A rime drake (Lair:4)
  5 komodo dragons
  2 merfolk (Lair:2)
  A polar bear (Lair:2)
  3 trolls
  Grinder (D:3)
  3 blink frogs (Lair:1)
  A two-headed ogre (D:10)
  8 hippogriffs
  A spriggan (D:11)
  12 yaks
  A wraith (D:11)
  2 basilisks
  4 water moccasins
  6 porcupines
  A necrophage (D:5)
  8 orc warriors
  3 ice beasts
  2 sky beasts
  2 phantoms
  5 ogres
  2 centaurs (D:10)
  5 big kobolds
  4 crocodiles
  2 wyvern zombies
  14 bullfrogs
  A gnoll sergeant (D:10)
  2 water moccasin skeletons
  5 scorpions
  10 wights
  2 electric eels
  3 crimson imps
  A quasit (D:9)
  A gnoll shaman (D:4)
  2 centaur zombies
  9 hounds
  2 jellies
  16 orc wizards
  A centaur skeleton (D:11)
  7 iguanas
  4 orc priests
  Terence (D:3)
  A bullfrog skeleton (D:9)
  5 worker ants
  A hound zombie (D:5)
  2 hound skeletons (D:7)
  22 adders
  20 gnolls
  2 shadow imps
  An ooze (D:4)
  3 worms
  A dart slug (D:1)
  9 leopard geckos
  81 orcs
  11 ball pythons
  8 giant cockroaches
  32 goblins
  31 hobgoblins
  18 jackals
  34 kobolds
  5 quokkas
  6 bats
  7 frilled lizards
  A leopard gecko skeleton (D:4)
  A quokka skeleton (D:7)
  A quokka zombie (D:6)
  12 rats
  4 plants (Sewer)
513 creatures vanquished.

Vanquished Creatures (others)
  A bullfrog (D:6)
  A jelly (D:6)
  A fungus (Lair:5)
3 creatures vanquished.

Grand Total: 516 creatures vanquished

Notes
Turn   | Place    | Note
-------+----------+-------------------------------------------
     0 | D:1      | mrath the Gargoyle Earth Elementalist began the quest for the Orb.
     0 | D:1      | Reached XP level 1. HP: 10/10 MP: 3/3
   549 | D:1      | Reached XP level 2. HP: 11/15 MP: 0/5
  1296 | D:2      | Found a faded altar of an unknown god.
  1299 | D:2      | Reached XP level 3. HP: 19/19 MP: 4/7
  1332 | D:2      | Learned a level 3 spell: Stone Arrow
  1346 | D:2      | Reached skill level 3 in Spellcasting
  1890 | D:2      | Reached skill level 1 in Conjurations
  1890 | D:2      | Reached XP level 4. HP: 24/24 MP: 5/8
  2452 | D:3      | Reached XP level 5. HP: 28/28 MP: 4/10
  2830 | D:3      | Reached skill level 5 in Earth Magic
  2956 | D:3      | Noticed Terence
  2989 | D:3      | Killed Terence
  2989 | D:3      | Reached skill level 4 in Spellcasting
  3698 | D:3      | Noticed Grinder
  3708 | D:3      | Paralysed by Grinder for 3 turns
  3712 | D:3      | Killed Grinder
  3712 | D:3      | Reached XP level 6. HP: 16/32 MP: 4/13
  4083 | D:4      | Found a glowing drain.
  4121 | Sewer    | Entered a sewer
  4158 | Sewer    | Reached XP level 7. HP: 36/36 MP: 14/14
  4372 | Sewer    | Reached skill level 5 in Spellcasting
  6796 | D:4      | Reached skill level 1 in Fighting
  6796 | D:4      | Reached skill level 6 in Spellcasting
  6796 | D:4      | Reached XP level 8. HP: 34/43 MP: 6/17
  7224 | D:5      | Entered Level 5 of the Dungeon
  7336 | D:4      | Learned a level 5 spell: Lee's Rapid Deconstruction
  7564 | D:5      | Reached skill level 1 in Armour
  7654 | D:5      | Found Joqouf's Magic Scroll Shop.
  8042 | D:5      | Got a thick robe
  8058 | D:5      | Identified the +2 robe "Mijyphuy" {rPois} (You found it on level 5 of the Dungeon)
  8068 | D:5      | Noticed a moth of wrath
  8071 | D:5      | Found a bloodstained altar of Trog.
  8608 | D:5      | Bought a scroll of teleportation for 39 gold pieces
  9482 | D:6      | Reached skill level 7 in Spellcasting
  9482 | D:6      | Reached XP level 9. HP: 49/49 MP: 15/19
  9559 | D:6      | Found a stormy altar of Qazlal.
  9662 | D:6      | Found a staircase to the Ecumenical Temple.
  9670 | D:6      | Noticed a troll
  9672 | Temple   | Entered the Ecumenical Temple
  9802 | Temple   | Became a worshipper of Vehumet
  9815 | D:6      | Killed a troll
  9815 | D:6      | Reached skill level 5 in Conjurations
 10405 | D:7      | Got an encrusted ring mail
 10804 | D:7      | Found Dalyer's Assorted Antiques.
 10968 | D:7      | Reached * piety under Vehumet
 10968 | D:7      | Offered knowledge of Shock by Vehumet.
 11501 | D:8      | Found an iron altar of Okawaru.
 11510 | D:8      | Found a glowing silver altar of Zin.
 11584 | D:8      | Found Douxopuota's Food Shoppe.
 12086 | D:8      | Reached skill level 8 in Spellcasting
 12172 | D:8      | Found a roughly hewn altar of Beogh.
 12477 | D:8      | Reached XP level 10. HP: 57/58 MP: 15/22
 12533 | D:8      | Offered knowledge of Magic Dart by Vehumet.
 12540 | D:8      | Reached ** piety under Vehumet
 13103 | D:8      | Offered knowledge of Conjure Flame by Vehumet.
 13111 | D:8      | Learned a level 3 spell: Conjure Flame
 13419 | D:9      | Reached *** piety under Vehumet
 13495 | D:9      | Reached skill level 1 in Fire Magic
 13658 | D:9      | Noticed a red ugly thing
 13694 | D:9      | Reached skill level 5 in Fighting
 14104 | D:9      | Reached skill level 1 in Evocations
 14155 | D:9      | Killed a red ugly thing
 14262 | D:9      | Found a snail-covered altar of Cheibriados.
 14298 | D:10     | Entered Level 10 of the Dungeon
 14308 | D:10     | Offered knowledge of Throw Icicle by Vehumet.
 14694 | D:10     | Reached skill level 9 in Spellcasting
 14706 | D:10     | Reached skill level 1 in Short Blades
 15026 | D:10     | Noticed a hill giant
 15027 | D:10     | Noticed a hill giant
 15034 | D:10     | Killed a hill giant
 15034 | D:10     | Reached XP level 11. HP: 64/64 MP: 10/24
 15049 | D:10     | Killed a hill giant
 15049 | D:10     | Reached skill level 5 in Armour
 15794 | D:10     | Found a staircase to the Orcish Mines.
 16001 | D:11     | Noticed a hill giant
 16018 | D:11     | Killed a hill giant
 16025 | D:11     | Reached **** piety under Vehumet
 16088 | D:11     | Noticed a hill giant
 16098 | D:11     | Killed a hill giant
 16116 | D:11     | Noticed a hill giant
 16257 | D:11     | Noticed a deep troll
 16540 | D:11     | Noticed a purple ugly thing
 16549 | D:11     | Killed a purple ugly thing
 16658 | D:11     | Killed a hill giant
 16658 | D:11     | Reached skill level 5 in Dodging
 16886 | D:11     | Offered knowledge of Venom Bolt by Vehumet.
 16887 | D:11     | HP: 1/64 [komodo dragon (9)]
 17302 | D:11     | Found a staircase to the Lair.
 17839 | D:11     | Noticed a cyclops
 17845 | D:11     | Killed a cyclops
 18015 | D:11     | Reached skill level 10 in Spellcasting
 18082 | D:11     | Reached XP level 12. HP: 70/70 MP: 16/26
 18089 | D:11     | Learned a level 5 spell: Venom Bolt
 18092 | Lair:1   | Entered Level 1 of the Lair of Beasts
 18141 | Lair:1   | Noticed a four-headed hydra
 18147 | Lair:1   | Killed a four-headed hydra
 19798 | Lair:2   | Found a staircase to the Shoals.
 19814 | Lair:2   | Reached skill level 5 in Short Blades
 20248 | Lair:2   | Reached skill level 10 in Earth Magic
 21242 | Lair:3   | Noticed a four-headed hydra
 21247 | Lair:3   | Killed a four-headed hydra
 21561 | Lair:3   | Found a staircase to the Snake Pit.
 21636 | Lair:4   | Reached skill level 5 in Fire Magic
 22166 | Lair:4   | Noticed a death yak
 22166 | Lair:4   | Noticed a death yak
 22167 | Lair:4   | Noticed a death yak
 22168 | Lair:4   | Noticed a death yak
 22570 | Lair:4   | Noticed a death yak
 22708 | Lair:2   | Killed a death yak
 22708 | Lair:2   | Reached XP level 13. HP: 31/76 MP: 12/27
 23105 | Lair:4   | Reached skill level 11 in Spellcasting
 24271 | Lair:3   | Reached ***** piety under Vehumet
 24271 | Lair:3   | Offered knowledge of Poisonous Cloud by Vehumet.
 24553 | Lair:5   | Mangled by an elephant

Vault maps used:
D:1:      minmay_arrival_shattered_statue
D:2:      ecumenical_altar_1, corexii_hall_statues_x
D:3:      uniq_terence, uniq_grinder
D:4:      minmay_goblin_kobold_castle, portal_sewer_entry_f,
          roderic_hopi_sauvastika, small_statue_intersection,
          minmay_misc_feat_encased, corexii_item_surrounded_by_moat,
          minmay_snake_closets
D:5:      tgw_trog, first_bread, serial_shops,
          nicolae_shop_temple_entry_statues_fountains, kennysheep_pointless_box,
          st_stairs_4
D:6:      nicolae_qazlal_style_of_elements, lemuel_flame_loot_1
D:7:      serial_shops, nicolae_shop_temple_entry_statues_fountains
D:8:      amethyst_overflow_temple_binary, serial_shops, nicolae_shop_crystal,
          special_room
D:9:      marbit_many_paths
D:10:     orc_0_dummy
D:11:     dpeg_lair_monsters, hangedman_stone_soup, kennysheep_island_fort
Temple:   eino_temple_scatter_basement
Lair:1:   minmay_lair_oklob_chamber, minivault_25, grunt_megastairs_5,
          bh_autumn_forest_stairs
Lair:2:   elwin_shoals_entry_stream, serial_bayou_pond_c, serial_bayou_shore_b,
          lemuel_fruit_tree, serial_bayou_shore_a, grunt_megastairs_1
Lair:3:   dummy_snake_entry
Lair:5:   dpeg_slime_entry_corner, hibernation_bobbens
Sewer:    sewer_co_scattered_pipes

Skill      XL: |  1  2  3  4  5  6  7  8  9 10 11 12 13 |
---------------+----------------------------------------+-----
Earth Magic    | 4 5 6 7 8 9 10 | 10.4
Spellcasting   | 3 4 6 7 8 9 10 11 | 11.1
Conjurations   | 1 3 4 5 6 7 8 |  8.5
Fighting       | 1 2 4 5 6 7 |  7.4
Dodging        | 3 4 5 |  5.9
Armour         | 2 3 4 5 7 |  7.4
Fire Magic     | 2 4 5 |  5.7
Evocations     | 2 3 4 |  4.7
Short Blades   | 1 4 6 |  6.6
Stealth        | |  2.1
Transmutations | |  0.7

Action                   |  1- 3 |  4- 6 |  7- 9 | 10-12 | 13-15 || total
-------------------------+-------+-------+-------+-------+-------++-------
Melee: Spear             |    65 |    40 |     9 |       |       ||   114
       Dagger            |       |    79 |   556 |   399 |     7 ||  1041
       Flail             |       |       |   106 |    18 |       ||   124
 Fire: Blowgun           |       |       |    12 |       |       ||    12
Throw: Tomahawk          |       |       |       |     6 |       ||     6
 Cast: Sandblast         |    36 |    41 |    65 |    33 |       ||   175
       Stone Arrow       |       |     3 |    88 |   296 |    55 ||   442
       Conjure Flame     |       |       |       |     9 |       ||     9
       Lee's Rapid Decon |       |       |       |     9 |       ||     9
       Venom Bolt        |       |       |       |       |     4 ||     4
  Use: Scroll            |       |       |    10 |     8 |     2 ||    20
       Potion            |       |       |       |     1 |     2 ||     3
 Stab: Sleeping          |       |     4 |     6 |     2 |       ||    12
       Distracted        |       |       |     1 |       |       ||     1
  Eat: Chunk             |     3 |     7 |    24 |    28 |     3 ||    65
       Fruit             |       |       |     1 |     1 |     1 ||     3
       Meat ration       |       |       |     1 |       |       ||     1
       Bread ration      |       |       |       |     1 |       ||     1
       Pizza             |       |       |       |       |     1 ||     1
       Beef jerky        |       |       |       |       |     1 ||     1
Armor: Robe              |    24 |    52 |   330 |   271 |    40 ||   717
Dodge: Dodged            |    60 |    78 |   469 |   347 |    53 ||  1007
